Unix NetHack Version 3.7.0-65 Work-in-progress - last build Sep 26 2022 05:48:34 (a9070be95fe145525c880ceec589f5104d392f49,branch:master).

Game began 2022-09-27 22:28:42, ended 2022-09-27 22:39:53.

Gandelf, neutral male human Monk

  
unexplored area
unexplored area
wall
wall
wall
wall
wall
wall
wall
unexplored area
unexplored area
unexplored area
unexplored area
unexplored area
unexplored area
unexplored area
unexplored area
unexplored area
unexplored area
unexplored area
unexplored area
unexplored area
unexplored area
unexplored area
unexplored area
unexplored area
unexplored area
unexplored area
unexplored area
unexplored area
unexplored area
unexplored area
unexplored area
unexplored area
unexplored area
unexplored area
unexplored area
unexplored area
unexplored area
wall
wall
wall
unexplored area
unexplored area
unexplored area
unexplored area
unexplored area
unexplored area
unexplored area
unexplored area
unexplored area
unexplored area
unexplored area
unexplored area
unexplored area
unexplored area
unexplored area
unexplored area
unexplored area
unexplored area
unexplored area
unexplored area
unexplored area
unexplored area
unexplored area
unexplored area
unexplored area
unexplored area
unexplored area
unexplored area
unexplored area
unexplored area
unexplored area
unexplored area
unexplored area
unexplored area
unexplored area
unexplored area
unexplored area
unexplored area
unexplored area
wall
.dark part of a room
<staircase up
.dark part of a room
.dark part of a room
.dark part of a room
wall
unexplored area
unexplored area
unexplored area
unexplored area
unexplored area
unexplored area
unexplored area
unexplored area
unexplored area
unexplored area
unexplored area
unexplored area
unexplored area
unexplored area
unexplored area
unexplored area
unexplored area
unexplored area
unexplored area
unexplored area
unexplored area
unexplored area
unexplored area
wall
wall
wall
wall
wall
wall
wall
wall
.dark part of a room
wall
wall
unexplored area
unexplored area
unexplored area
unexplored area
unexplored area
unexplored area
unexplored area
unexplored area
unexplored area
unexplored area
unexplored area
unexplored area
unexplored area
unexplored area
unexplored area
unexplored area
unexplored area
unexplored area
unexplored area
unexplored area
unexplored area
wall
wall
wall
wall
unexplored area
unexplored area
unexplored area
unexplored area
unexplored area
unexplored area
unexplored area
unexplored area
unexplored area
unexplored area
unexplored area
unexplored area
unexplored area
wall
.dark part of a room
.dark part of a room
wall
wall
.dark part of a room
wall
wall
wall
unexplored area
unexplored area
unexplored area
unexplored area
unexplored area
unexplored area
unexplored area
unexplored area
unexplored area
unexplored area
unexplored area
unexplored area
wall
wall
wall
wall
wall
wall
wall
wall
wall
.dark part of a room
wall
.dark part of a room
wall
wall
.dark part of a room
.dark part of a room
.dark part of a room
.dark part of a room
.dark part of a room
wall
.dark part of a room
wall
unexplored area
unexplored area
unexplored area
unexplored area
unexplored area
wall
wall
wall
unexplored area
unexplored area
wall
wall
wall
wall
wall
wall
wall
wall
wall
wall
.dark part of a room
.dark part of a room
wall
unexplored area
unexplored area
wall
wall
wall
unexplored area
unexplored area
unexplored area
unexplored area
unexplored area
unexplored area
unexplored area
unexplored area
unexplored area
wall
wall
wall
wall
.dark part of a room
.dark part of a room
.dark part of a room
wall
wall
wall
unexplored area
unexplored area
unexplored area
unexplored area
unexplored area
unexplored area
unexplored area
unexplored area
unexplored area
wall
wall
.dark part of a room
.dark part of a room
.dark part of a room
.dark part of a room
.dark part of a room
.dark part of a room
.dark part of a room
.dark part of a room
.dark part of a room
.dark part of a room
.dark part of a room
.dark part of a room
.dark part of a room
.dark part of a room
.dark part of a room
.dark part of a room
.dark part of a room
.dark part of a room
.dark part of a room
.dark part of a room
.dark part of a room
wall
wall
wall
wall
.dark part of a room
.dark part of a room
.dark part of a room
wall
wall
wall
wall
.dark part of a room
.dark part of a room
.dark part of a room
.dark part of a room
.dark part of a room
.dark part of a room
.dark part of a room
.dark part of a room
.dark part of a room
.dark part of a room
.dark part of a room
wall
wall
wall
wall
.dark part of a room
wall
unexplored area
unexplored area
unexplored area
unexplored area
unexplored area
unexplored area
unexplored area
unexplored area
unexplored area
unexplored area
unexplored area
unexplored area
wall
wall
wall
.dark part of a room
.dark part of a room
.dark part of a room
wall
wall
wall
wall
wall
wall
wall
wall
corridor
wall
wall
.dark part of a room
.dark part of a room
.dark part of a room
.dark part of a room
.dark part of a room
.dark part of a room
.dark part of a room
.dark part of a room
%a gnome corpse
.dark part of a room
.dark part of a room
.dark part of a room
.dark part of a room
.dark part of a room
.dark part of a room
%a dwarf corpse
.dark part of a room
.dark part of a room
.dark part of a room
.dark part of a room
.dark part of a room
.dark part of a room
.dark part of a room
.dark part of a room
.dark part of a room
.dark part of a room
.dark part of a room
.dark part of a room
.dark part of a room
.dark part of a room
.dark part of a room
.dark part of a room
.dark part of a room
.dark part of a room
.dark part of a room
.dark part of a room
.dark part of a room
.dark part of a room
wall
wall
wall
wall
.dark part of a room
.dark part of a room
wall
wall
.dark part of a room
.dark part of a room
.dark part of a room
wall
wall
unexplored area
unexplored area
unexplored area
unexplored area
unexplored area
unexplored area
unexplored area
unexplored area
unexplored area
unexplored area
unexplored area
unexplored area
unexplored area
wall
wall
.dark part of a room
.dark part of a room
.dark part of a room
.dark part of a room
.dark part of a room
.dark part of a room
.dark part of a room
.dark part of a room
.dark part of a room
wall
.dark part of a room
corridor
.dark part of a room
.dark part of a room
.dark part of a room
.dark part of a room
.dark part of a room
.dark part of a room
.dark part of a room
.dark part of a room
.dark part of a room
.dark part of a room
.dark part of a room
.dark part of a room
.dark part of a room
.dark part of a room
.dark part of a room
.dark part of a room
.dark part of a room
.dark part of a room
.dark part of a room
.dark part of a room
.dark part of a room
.dark part of a room
.dark part of a room
.dark part of a room
.dark part of a room
.dark part of a room
.dark part of a room
.dark part of a room
.dark part of a room
.dark part of a room
.dark part of a room
.dark part of a room
.dark part of a room
wall
wall
wall
wall
.dark part of a room
.dark part of a room
wall
unexplored area
unexplored area
wall
wall
.dark part of a room
wall
wall
.dark part of a room
.dark part of a room
.dark part of a room
.dark part of a room
wall
wall
unexplored area
unexplored area
unexplored area
unexplored area
unexplored area
unexplored area
unexplored area
unexplored area
unexplored area
unexplored area
unexplored area
unexplored area
unexplored area
unexplored area
.dark part of a room
.dark part of a room
.dark part of a room
.dark part of a room
.dark part of a room
.dark part of a room
wall
wall
.dark part of a room
.dark part of a room
.dark part of a room
.dark part of a room
.dark part of a room
.dark part of a room
.dark part of a room
.dark part of a room
.dark part of a room
.dark part of a room
.dark part of a room
.dark part of a room
.dark part of a room
.dark part of a room
.dark part of a room
.dark part of a room
.dark part of a room
.dark part of a room
.dark part of a room
.dark part of a room
.dark part of a room
.dark part of a room
.dark part of a room
.dark part of a room
.dark part of a room
.dark part of a room
.dark part of a room
.dark part of a room
.dark part of a room
.dark part of a room
.dark part of a room
.dark part of a room
.dark part of a room
.dark part of a room
.dark part of a room
.dark part of a room
wall
wall
unexplored area
unexplored area
wall
wall
wall
wall
unexplored area
unexplored area
unexplored area
wall
.dark part of a room
wall
wall
wall
.dark part of a room
wall
.dark part of a room
.dark part of a room
wall
unexplored area
unexplored area
unexplored area
unexplored area
unexplored area
unexplored area
unexplored area
unexplored area
unexplored area
unexplored area
unexplored area
unexplored area
unexplored area
unexplored area
unexplored area
.dark part of a room
.dark part of a room
.dark part of a room
.dark part of a room
.dark part of a room
unexplored area
.dark part of a room
.dark part of a room
%a gnome lord corpse
.dark part of a room
.dark part of a room
.dark part of a room
.dark part of a room
.dark part of a room
.dark part of a room
.dark part of a room
.dark part of a room
wall
wall
.dark part of a room
wall
wall
wall
wall
wall
wall
wall
wall
wall
.dark part of a room
.dark part of a room
.dark part of a room
.dark part of a room
wall
wall
.dark part of a room
.dark part of a room
%a gnome corpse
.dark part of a room
.dark part of a room
.dark part of a room
.dark part of a room
.dark part of a room
.dark part of a room
wall
unexplored area
unexplored area
unexplored area
unexplored area
unexplored area
unexplored area
unexplored area
unexplored area
unexplored area
wall
.dark part of a room
wall
unexplored area
wall
.dark part of a room
wall
wall
wall
wall
unexplored area
unexplored area
unexplored area
unexplored area
unexplored area
unexplored area
unexplored area
unexplored area
unexplored area
unexplored area
unexplored area
unexplored area
unexplored area
unexplored area
unexplored area
unexplored area
unexplored area
unexplored area
unexplored area
unexplored area
unexplored area
unexplored area
.dark part of a room
.dark part of a room
.dark part of a room
.dark part of a room
.dark part of a room
.dark part of a room
wall
wall
.dark part of a room
wall
wall
wall
.dark part of a room
.dark part of a room
*8 rocks
[a pair of iron shoes
.dark part of a room
wall
wall
wall
wall
wall
wall
wall
.dark part of a room
wall
wall
wall
wall
.dark part of a room
.dark part of a room
.dark part of a room
.dark part of a room
.dark part of a room
.dark part of a room
.dark part of a room
wall
wall
wall
wall
unexplored area
unexplored area
unexplored area
unexplored area
unexplored area
unexplored area
unexplored area
wall
*10 rocks
wall
wall
wall
.dark part of a room
wall
unexplored area
unexplored area
wall
wall
wall
wall
unexplored area
unexplored area
unexplored area
unexplored area
unexplored area
unexplored area
unexplored area
unexplored area
unexplored area
unexplored area
unexplored area
unexplored area
unexplored area
unexplored area
unexplored area
unexplored area
unexplored area
unexplored area
unexplored area
unexplored area
unexplored area
unexplored area
.dark part of a room
.dark part of a room
.dark part of a room
wall
wall
wall
wall
unexplored area
unexplored area
wall
wall
.dark part of a room
.dark part of a room
%a dwarf corpse
.dark part of a room
.dark part of a room
.dark part of a room
wall
unexplored area
unexplored area
wall
wall
wall
unexplored area
unexplored area
wall
.dark part of a room
.dark part of a room
.dark part of a room
.dark part of a room
.dark part of a room
.dark part of a room
.dark part of a room
.dark part of a room
wall
.dark part of a room
wall
wall
unexplored area
unexplored area
unexplored area
unexplored area
unexplored area
unexplored area
wall
.dark part of a room
wall
wall
.dark part of a room
.dark part of a room
wall
wall
wall
wall
.dark part of a room
.dark part of a room
wall
wall
unexplored area
unexplored area
unexplored area
unexplored area
unexplored area
unexplored area
unexplored area
unexplored area
unexplored area
unexplored area
unexplored area
unexplored area
unexplored area
unexplored area
unexplored area
unexplored area
unexplored area
unexplored area
unexplored area
unexplored area
unexplored area
.dark part of a room
.dark part of a room
.dark part of a room
wall
wall
unexplored area
unexplored area
unexplored area
unexplored area
wall
.dark part of a room
.dark part of a room
.dark part of a room
.dark part of a room
.dark part of a room
.dark part of a room
.dark part of a room
wall
wall
unexplored area
unexplored area
unexplored area
unexplored area
unexplored area
unexplored area
wall
wall
wall
.dark part of a room
.dark part of a room
.dark part of a room
unexplored area
.dark part of a room
.dark part of a room
.dark part of a room
.dark part of a room
.dark part of a room
wall
wall
unexplored area
unexplored area
unexplored area
unexplored area
unexplored area
wall
.dark part of a room
.dark part of a room
.dark part of a room
.dark part of a room
wall
wall
wall
.dark part of a room
.dark part of a room
.dark part of a room
.dark part of a room
.dark part of a room
wall
unexplored area
unexplored area
unexplored area
unexplored area
unexplored area
unexplored area
unexplored area
unexplored area
unexplored area
unexplored area
unexplored area
unexplored area
unexplored area
unexplored area
unexplored area
unexplored area
unexplored area
unexplored area
unexplored area
unexplored area
unexplored area
.dark part of a room
.dark part of a room
.dark part of a room
.unseen creature
wall
wall
unexplored area
unexplored area
unexplored area
wall
wall
.dark part of a room
.dark part of a room
.dark part of a room
.dark part of a room
.dark part of a room
.dark part of a room
.dark part of a room
wall
unexplored area
unexplored area
unexplored area
unexplored area
unexplored area
unexplored area
unexplored area
unexplored area
corridor
.dark part of a room
.dark part of a room
.dark part of a room
.dark part of a room
.dark part of a room
.dark part of a room
.dark part of a room
.dark part of a room
.dark part of a room
.dark part of a room
.dark part of a room
wall
wall
unexplored area
unexplored area
unexplored area
wall
.dark part of a room
.dark part of a room
.dark part of a room
.dark part of a room
.dark part of a room
.dark part of a room
.dark part of a room
.dark part of a room
.dark part of a room
.dark part of a room
.dark part of a room
wall
wall
unexplored area
unexplored area
unexplored area
unexplored area
unexplored area
unexplored area
unexplored area
unexplored area
unexplored area
unexplored area
unexplored area
unexplored area
unexplored area
unexplored area
unexplored area
unexplored area
unexplored area
unexplored area
unexplored area
unexplored area
unexplored area
unexplored area
.dark part of a room
.dark part of a room
stone
@human monk called Gandelf
wall
unexplored area
unexplored area
unexplored area
unexplored area
wall
.dark part of a room
.dark part of a room
)an arrow
.dark part of a room
.dark part of a room
.dark part of a room
wall
wall
unexplored area
unexplored area
unexplored area
unexplored area
unexplored area
unexplored area
unexplored area
unexplored area
corridor
wall
.dark part of a room
.dark part of a room
.dark part of a room
.dark part of a room
.dark part of a room
wall
wall
.dark part of a room
.dark part of a room
.dark part of a room
.dark part of a room
wall
unexplored area
unexplored area
unexplored area
wall
.dark part of a room
.dark part of a room
.dark part of a room
.dark part of a room
.dark part of a room
.dark part of a room
.dark part of a room
.dark part of a room
.dark part of a room
.dark part of a room
.dark part of a room
wall
unexplored area
unexplored area
unexplored area
unexplored area
unexplored area
unexplored area
unexplored area
unexplored area
unexplored area
unexplored area
unexplored area
unexplored area
unexplored area
unexplored area
unexplored area
unexplored area
unexplored area
unexplored area
unexplored area
unexplored area
unexplored area
unexplored area
unexplored area
unexplored area
.dark part of a room
stone
wall
wall
unexplored area
unexplored area
unexplored area
unexplored area
wall
wall
.dark part of a room
.dark part of a room
.dark part of a room
.dark part of a room
.dark part of a room
.dark part of a room
wall
wall
wall
unexplored area
unexplored area
unexplored area
unexplored area
unexplored area
unexplored area
unexplored area
wall
.dark part of a room
.dark part of a room
.dark part of a room
.dark part of a room
corridor
unexplored area
wall
wall
%a gnome corpse
.dark part of a room
.dark part of a room
wall
wall
unexplored area
unexplored area
wall
.dark part of a room
.dark part of a room
.dark part of a room
.dark part of a room
.dark part of a room
.dark part of a room
.dark part of a room
.dark part of a room
.dark part of a room
^squeaky board
.dark part of a room
wall
wall
unexplored area
unexplored area
unexplored area
unexplored area
unexplored area
unexplored area
unexplored area
unexplored area
unexplored area
unexplored area
unexplored area
unexplored area
unexplored area
unexplored area
unexplored area
unexplored area
unexplored area
unexplored area
unexplored area
unexplored area
unexplored area
unexplored area
unexplored area
.dark part of a room
.dark part of a room
wall
unexplored area
unexplored area
unexplored area
unexplored area
unexplored area
unexplored area
wall
.dark part of a room
.dark part of a room
wall
.dark part of a room
.dark part of a room
.dark part of a room
.dark part of a room
.dark part of a room
wall
wall
unexplored area
unexplored area
unexplored area
unexplored area
unexplored area
unexplored area
wall
wall
.dark part of a room
.dark part of a room
.dark part of a room
wall
unexplored area
wall
wall
.dark part of a room
(a pick-axe
.dark part of a room
.dark part of a room
wall
wall
unexplored area
wall
wall
.dark part of a room
.dark part of a room
wall
wall
wall
.dark part of a room
.dark part of a room
.dark part of a room
.dark part of a room
.dark part of a room
.dark part of a room
wall
unexplored area
unexplored area
unexplored area
unexplored area
unexplored area
unexplored area
unexplored area
unexplored area
unexplored area
unexplored area
unexplored area
unexplored area
unexplored area
unexplored area
unexplored area
unexplored area
unexplored area
unexplored area
unexplored area
unexplored area
unexplored area
unexplored area
unexplored area
unexplored area
unexplored area
unexplored area
unexplored area
unexplored area
unexplored area
unexplored area
unexplored area
unexplored area
wall
wall
wall
wall
wall
.dark part of a room
.dark part of a room
.dark part of a room
.dark part of a room
.dark part of a room
wall
unexplored area
unexplored area
unexplored area
unexplored area
unexplored area
wall
wall
wall
.dark part of a room
.dark part of a room
.dark part of a room
wall
unexplored area
corridor
%a dwarf corpse
.dark part of a room
.dark part of a room
.dark part of a room
.dark part of a room
.dark part of a room
wall
unexplored area
unexplored area
wall
wall
wall
wall
unexplored area
wall
.dark part of a room
.dark part of a room
.dark part of a room
.dark part of a room
.dark part of a room
wall
wall
unexplored area
unexplored area
unexplored area
unexplored area
unexplored area
unexplored area
unexplored area
unexplored area
unexplored area
unexplored area
unexplored area
unexplored area
unexplored area
unexplored area
unexplored area
unexplored area
unexplored area
unexplored area
unexplored area
unexplored area
unexplored area
unexplored area
unexplored area
unexplored area
unexplored area
unexplored area
unexplored area
unexplored area
unexplored area
unexplored area
unexplored area
unexplored area
wall
wall
wall
wall
wall
.dark part of a room
.dark part of a room
.dark part of a room
.dark part of a room
wall
wall
unexplored area
unexplored area
unexplored area
unexplored area
wall
wall
.dark part of a room
.dark part of a room
.dark part of a room
.dark part of a room
.dark part of a room
.dark part of a room
wall
wall
wall
.dark part of a room
.dark part of a room
wall
wall
wall
wall
unexplored area
unexplored area
unexplored area
unexplored area
unexplored area
unexplored area
unexplored area
wall
.dark part of a room
.dark part of a room
wall
wall
wall
wall
unexplored area
unexplored area
unexplored area
unexplored area
unexplored area
unexplored area
unexplored area
unexplored area
unexplored area
unexplored area
unexplored area
unexplored area
unexplored area
unexplored area
unexplored area
unexplored area
unexplored area
unexplored area
unexplored area
unexplored area
unexplored area
unexplored area
unexplored area
unexplored area
unexplored area
unexplored area
unexplored area
unexplored area
unexplored area
unexplored area
unexplored area
unexplored area
unexplored area
wall
.dark part of a room
.dark part of a room
wall
.dark part of a room
.dark part of a room
.dark part of a room
.dark part of a room
wall
wall
unexplored area
unexplored area
unexplored area
unexplored area
unexplored area
wall
.dark part of a room
.dark part of a room
.dark part of a room
.dark part of a room
.dark part of a room
.dark part of a room
.dark part of a room
wall
wall
wall
wall
wall
wall
unexplored area
unexplored area
unexplored area
unexplored area
unexplored area
unexplored area
unexplored area
unexplored area
unexplored area
unexplored area
wall
wall
wall
wall
unexplored area
unexplored area
unexplored area
unexplored area
unexplored area
unexplored area
unexplored area
unexplored area
unexplored area
unexplored area
unexplored area
unexplored area
unexplored area
unexplored area
unexplored area
unexplored area
unexplored area
unexplored area
unexplored area
unexplored area
unexplored area
unexplored area
unexplored area
unexplored area
unexplored area
unexplored area
unexplored area
unexplored area
unexplored area
unexplored area
unexplored area
unexplored area
unexplored area
unexplored area
unexplored area
unexplored area
wall
.dark part of a room
.dark part of a room
.dark part of a room
corridor
.dark part of a room
.dark part of a room
wall
wall
unexplored area
unexplored area
unexplored area
unexplored area
unexplored area
unexplored area
wall
.dark part of a room
.dark part of a room
.dark part of a room
.dark part of a room
wall
wall
.dark part of a room
.dark part of a room
wall
unexplored area
unexplored area
unexplored area
unexplored area
unexplored area
unexplored area
unexplored area
unexplored area
unexplored area
unexplored area
unexplored area
unexplored area
unexplored area
unexplored area
unexplored area
unexplored area
unexplored area
unexplored area
unexplored area
unexplored area
unexplored area
unexplored area
unexplored area
unexplored area
unexplored area
unexplored area
unexplored area
unexplored area
unexplored area
unexplored area
unexplored area
unexplored area
unexplored area
unexplored area
unexplored area
unexplored area
unexplored area
unexplored area
unexplored area
unexplored area
unexplored area
unexplored area
unexplored area
unexplored area
unexplored area
unexplored area
unexplored area
unexplored area
unexplored area
unexplored area
unexplored area
unexplored area
unexplored area
unexplored area
wall
wall
.dark part of a room
wall
wall
wall
wall
unexplored area
unexplored area
unexplored area
unexplored area
unexplored area
unexplored area
unexplored area
unexplored area
wall
wall
.dark part of a room
.dark part of a room
wall
unexplored area
wall
wall
wall
wall
unexplored area
unexplored area
unexplored area
unexplored area
unexplored area
unexplored area
unexplored area
unexplored area
unexplored area
unexplored area
unexplored area
unexplored area
unexplored area
unexplored area
unexplored area
unexplored area
unexplored area
unexplored area
unexplored area
unexplored area
unexplored area
unexplored area
unexplored area
unexplored area
unexplored area
unexplored area
unexplored area
unexplored area
unexplored area
unexplored area
unexplored area
unexplored area
unexplored area
unexplored area
unexplored area
unexplored area
unexplored area
unexplored area
unexplored area
unexplored area
unexplored area
unexplored area
unexplored area
unexplored area
unexplored area
unexplored area
unexplored area
unexplored area
unexplored area
unexplored area
unexplored area
unexplored area
unexplored area
unexplored area
unexplored area
wall
wall
wall
unexplored area
unexplored area
unexplored area
unexplored area
unexplored area
unexplored area
unexplored area
unexplored area
unexplored area
unexplored area
unexplored area
unexplored area
wall
wall
wall
unexplored area
unexplored area
unexplored area
unexplored area
unexplored area
unexplored area
unexplored area
unexplored area
unexplored area
unexplored area
unexplored area
unexplored area
unexplored area
unexplored area
unexplored area
unexplored area
unexplored area
unexplored area
unexplored area
unexplored area
unexplored area
unexplored area
unexplored area
unexplored area
unexplored area
unexplored area
unexplored area
unexplored area
[Gandelf the Novice ] St:18/04 Dx:17 Co:9 In:9 Wi:13 Ch:9 Neutral S:989 Dlvl:4 $:43 HP:0(32) Pw:22(22) AC:0 Xp:5/199 T:394 Blind Deaf

Latest messages:

Never mind.
You are carrying too much to get through.
You kill the grid bug!
What do you want to use or apply? [cku or ?*] u
You now wield a pick-axe.
In what direction do you want to dig? [hnjb>] h
You start digging.
You hit the rock with all your might.
You make an opening in the wall.
What do you want to wield? [- lmqsuw-yAD-F or ?*] -
You are empty handed.
An arrow misses you.
You see here a dwarf corpse.
You begin striking monsters with your gloved hands.
You kill the gnome!
There are several objects here.
l - 8 arrows (41 in total).
G - a bow.
H - a dagger.
Your pack shakes violently!
You are momentarily blinded by a flash of light!
You hear a deafening roar!
There is nothing here to pick up.
Wait! There's something there you can't see!
It hits!
It misses!
It misses!
It bites!
You hit it.
You hit it.
It hits!
It hits!
It misses!
It misses!
It misses!
It bites!
You destroy it!
It hits!
It misses!
It bites!
It kicks!
It bites!
You hit it.
It hits!
It kicks!
It misses!
You kill it!
It hits!
You die...
Do you want your possessions identified? [ynq] (y) q

Inventory:

Coins

$ - 43 gold pieces

Weapons

D - 3 blessed +1 arrows
l - 41 +0 arrows
w - 6 blessed +0 crossbow bolts
m - a +0 bow
y - a +0 bow
G - a +0 bow
s - a cursed -1 bow
E - a cursed -1 bow
x - a +0 crossbow
A - 17 +0 darts
F - a cursed -1 dart
H - a +0 dagger
q - a +0 elven spear

Armor

a - an uncursed +2 pair of leather gloves (being worn)
t - a blessed +2 pair of iron shoes (being worn)
b - an uncursed +1 robe (being worn)

Comestibles

g - 7 uncursed apples
f - 3 uncursed food rations
i - 3 uncursed fortune cookies
h - 5 uncursed oranges

Scrolls

d - an uncursed scroll of food detection

Spellbooks

c - a blessed spellbook of protection

Potions

v - an uncursed potion of gain ability
e - 2 uncursed potions of healing
r - an uncursed potion of speed

Tools

u - a +0 pick-axe
k - an uncursed skeleton key

Gems/Stones

p - an uncursed aquamarine stone
o - an uncursed worthless piece of black glass
z - an uncursed worthless piece of green glass
j - 2 uncursed worthless pieces of red glass

Gandelf the Monk's attributes:


Background:

You were a Novice, a level 5 male human Monk.
You were neutral, on a mission for Chih Sung-tzu
who was opposed by Shan Lai Ching (lawful) and Huan Ti (chaotic).
You were in the Gnomish Mines, on level 4.
You entered the dungeon 394 turns ago.
It was nighttime.
There was a new moon in effect when your adventure ended.
You had 199 experience points, 121 more were needed to attain level 6.
Your score was 989 before end-of-game adjustments.

Basics:

You had 0 out of 32 hit points.
You had all 22 energy points (spell power).
Your armor class was 0.
Your wallet contained 43 zorkmids.
Autopickup was off.

Final Characteristics:

Your strength was 18/04 (limit:18/100).
Your dexterity was 17 (limit:18).
Your constitution was 9 (limit:18).
Your intelligence was 9 (limit:18).
Your wisdom was 13 (limit:18).
Your charisma was 9 (limit:18).

Final Status:

You were temporarily blind.
You were deaf.
You were not hungry.
You were unencumbered.
You were empty handed.
You had basic skill with martial arts.

Final Attributes:

You were fervently aligned.
You were sleep resistant.
You were poison resistant.
You would have seen invisible when not blind.
You were stealthy.
You were guarded.
You were fast.
You are dead.

Miscellaneous:
You never encountered a bones level.
Total elapsed playing time was 11 minutes and 10 seconds.

Major events:

Turn

1: Gandelf the neutral male human Monk entered the dungeon
44: entered the Gnomish Mines
105: attained the rank of Novice (level 3)
394: killed by a hobgoblin

Vanquished creatures:

a pony
2 gnome leaders
a paper golem
3 dwarves
a rabid rat
an iguana
a hobbit
17 gnomes
a grid bug
a lichen
a newt
30 creatures vanquished.
No species were genocided or became extinct.

Voluntary challenges:

You went without food.
You were an atheist.
You never hit with a wielded weapon.
You were illiterate.
You never engraved Elbereth.
You never genocided any monsters.
You never polymorphed an object.
You never changed form.
You used no wishes.

Achievements:

You entered the Gnomish Mines.
You attained the rank of Novice.

The Dungeons of Doom: levels 1 to 2

   Level 1:
Level 2:
Stairs down to The Gnomish Mines.

The Gnomish Mines: levels 3 to 4

   Level 3:
Level 4: <- You were here.
Final resting place for
you, killed by a hobgoblin.

Game over:

----------
/ \
/ REST \
/ IN \
/ PEACE \
/ \
| Gandelf |
| 43 Au |
| killed by a |
| hobgoblin |
| |
| |
| 2022 |
*| * * * | *
_________)/\\_//(\/(/\)/\//\/|_)_______

Goodbye Gandelf the Monk...


You died in The Gnomish Mines on dungeon level 4 with 985 points,
and 43 pieces of gold, after 394 moves.
You were level 5 with a maximum of 32 hit points when you died.